 Dungeon Crawl Stone Soup version 0.22-a0-757-gdba82d8 (webtiles) character file.

443 Mamutox the Chopper (level 7, -3/81 HPs)
             Began as an Ogre Chaos Knight on July 16, 2018.
             Slain by a soldier ant (11 damage)
             ... in a sewer.
             The game lasted 00:12:59 (3915 turns).

Mamutox the Chopper (Ogre Chaos Knight)             Turns: 3915, Time: 00:12:59

Health: -3/81      AC: -27   Str: 17      XL:     7   Next: 2%
Magic:  7/7        EV:  9    Int: 20      God:    Xom [.*....]
Gold:   100        SH:  0    Dex:  2 (10) Spells: 6/6 levels left

rFire    . . .     SeeInvis .   a - +0 hand axe (chaos)
rCold    . . .     Gourm    .   (no shield)
rNeg     . . .     Faith    .   b - +2 robe
rPois    .         Spirit   .   (helmet restricted)
rElec    .         Reflect  .   (no cloak)
rCorr    .         Harm     .   (gloves unavailable)
MR       .....                  (boots unavailable)
Stlth    +.........             (no amulet)
HPRegen  0.23/turn              m - +4 ring of intelligence
MPRegen  0.10/turn              (no ring)

@: brilliant, corroded
A: large, unfitting armour, horns 2, blurry vision 1, dopey 1, robust 1, tough
skin 1
a: Renounce Religion


You were in a sewer.
You worshipped Xom.
You were a plaything of Xom.
You were not hungry.

You visited 1 branch of the dungeon, and saw 4 of its levels.
You also visited: Sewer.

You collected 100 gold pieces.

Inventory:

Hand Weapons
 a - a +0 hand axe of chaos (weapon)
Missiles
 q - 2 tomahawks (quivered)
Armour
 b - a +2 robe (worn)
Jewellery
 m - a +4 ring of intelligence (left hand)
Wands
 n - a wand of digging (13)
Scrolls
 e - a scroll of teleportation
 g - 3 scrolls of remove curse
Potions
 d - 6 potions of curing
Comestibles
 c - 9 rations


   Skills:
 + Level 5.7 Fighting
 + Level 6.8 Axes
 - Level 2.5 Dodging


You had 6 spell levels left.
You didn't know any spells.
Your spell library was empty.

Dungeon Overview and Level Annotations

Branches:
Dungeon (4/15)             Temple (0/1) D:4

Altars:
Fedhas
Gozag
Makhleb
Okawaru
Ru
Sif Muna


Innate Abilities, Weirdness & Mutations

You are too large for most types of armour.
You have tough skin. (AC +1)
You have a pair of horns on your head.
Scrolls take you a little longer to read.
You are dopey. (Int -2)
You are robust. (+10% HP)


Message History

You feel less wooden.
Your +2 robe unmelds from your body.
The quasit disappears in a puff of smoke!
You barely miss the ufetubus.
You headbutt the ufetubus, but do no damage.
You barely miss the soldier ant. The soldier ant completely misses you.
You hit the soldier ant but do no damage.
The soldier ant stings you.
* * * LOW HITPOINT WARNING * * *
You hit the ufetubus but do no damage. You completely miss the soldier ant.
The soldier ant closely misses you.
The ufetubus hits itself.
The ufetubus barely misses itself.
Xom's attention turns to you for a moment.
The floor shifts beneath you alarmingly!
You are now a plaything of Xom.
The ufetubus degenerates into a cloud of primal chaos!
Your magical contamination has completely faded away.
The soldier ant stings you!
You die...
Xom chuckles heartily!

#..$$$..#
#.......#
#.......#
#.......#
#.......#
##.....## #######
###.### ##.....##
#.# #...≈...## #@#
...≈≈≈...#######a#
∩.≈≈≈≈≈..........#
...≈≈≈...#######.#
#...≈...## #.#
##.....## #.#
####### #.# #.#
#.#


You could see a soldier ant.

Vanquished Creatures
  2 scorpions (D:4)
  A hound (D:4)
  An orc wizard (D:4)
  An orc priest (D:3)
  An iguana (D:3)
  2 worker ants
  8 adders
  4 gnolls
  An ooze (D:2)
  An adder skeleton (D:4)
  A leopard gecko (D:3)
  6 orcs
  12 bats
  2 giant cockroaches (D:2)
  6 goblins
  10 hobgoblins
  4 jackals (D:1)
  A quokka (D:2)
  2 ball pythons
  4 frilled lizards
  6 kobolds
  A leopard gecko skeleton (D:4)
  8 rats
85 creatures vanquished.

Notes
Turn   | Place    | Note
-------+----------+-------------------------------------------
     0 | D:1      | Mamutox the Ogre Chaos Knight began the quest for the Orb.
     0 | D:1      | Reached XP level 1. HP: 24/24 MP: 1/1
   202 | D:1      | XOM: harmless Necr miscast
   215 | D:1      | Reached XP level 2. HP: 32/32 MP: 2/2
   259 | D:1      | XOM: butterfly on damage
   262 | D:1      | Reached XP level 3. HP: 6/40 MP: 3/3
   268 | D:1      | HP: 2/40 [kobold/enchanted short sword (5)]
   573 | D:1      | XOM: harmless Hex miscast
   582 | D:1      | XOM: divination: detect items
   617 | D:1      | XOM: potion effect (brilliance)
  1054 | D:2      | Found an iron altar of Okawaru.
  1056 | D:2      | Found a blossoming altar of Fedhas.
  1084 | D:2      | Reached skill level 4 in Axes
  1084 | D:2      | Reached XP level 4. HP: 25/49 MP: 4/4
  1281 | D:2      | Found a sacrificial altar of Ru.
  1451 | D:2      | Found a deep blue altar of Sif Muna.
  1538 | D:2      | XOM: summons 2 hostile demons
  1673 | D:2      | Reached XP level 5. HP: 55/55 MP: 5/5
  1724 | D:2      | Reached skill level 5 in Axes
  1833 | D:2      | Found an opulent altar of Gozag.
  1855 | D:2      | XOM: medium Tloc miscast
  1856 | D:2      | Noticed a spatial vortex
  1856 | D:2      | Noticed a spatial vortex
  2079 | D:3      | XOM: stealth player
  2316 | D:3      | XOM: give mutations
  2316 | D:3      | Gained mutation: You are dopey. (Int -2) [Xom's mischief]
  2316 | D:3      | Gained mutation: Your body sometimes deteriorates upon taking damage. [Xom's mischief]
  2387 | D:3      | XOM: smoke on damage
  2881 | D:3      | Reached skill level 6 in Axes
  2887 | D:3      | Reached XP level 6. HP: 38/63 MP: 6/6
  3266 | D:4      | XOM: destruction
  3292 | D:4      | Found a burning altar of Makhleb.
  3350 | D:4      | XOM: god gift: ration
  3352 | D:4      | Reached skill level 5 in Fighting
  3447 | D:4      | XOM: harmless Summ miscast
  3475 | D:4      | Found a staircase to the Ecumenical Temple.
  3538 | D:4      | XOM: give mutation
  3538 | D:4      | Gained mutation: You have large cloven feet. [Xom's grace]
  3611 | D:4      | XOM: 1-stop teleportation journey
  3641 | D:4      | Reached XP level 7. HP: 39/74 MP: 7/7
  3642 | D:4      | Found a glowing drain.
  3653 | Sewer    | Entered a sewer
  3859 | Sewer    | XOM: fog
  3862 | Sewer    | XOM: summons 3 hostile demons
  3863 | Sewer    | Noticed a rust devil
  3863 | Sewer    | XOM: smoke on damage
  3875 | Sewer    | Noticed a soldier ant
  3875 | Sewer    | a crocodile changed into a soldier ant
  3875 | Sewer    | XOM: polymorph crocodile -> soldier ant
  3901 | Sewer    | Lost mutation: Your body sometimes deteriorates upon taking damage. [potion of mutation]
  3901 | Sewer    | Lost mutation: You have large cloven feet. [potion of mutation]
  3901 | Sewer    | Gained mutation: Scrolls take you a little longer to read. [potion of mutation]
  3901 | Sewer    | Gained mutation: You have a pair of small horns on your head. [potion of mutation]
  3901 | Sewer    | Gained mutation: You are robust. (+10% HP) [potion of mutation]
  3901 | Sewer    | Gained mutation: You have a pair of horns on your head. [potion of mutation]
  3902 | Sewer    | HP: 4/121 [rust devil[Xom] (5)]
  3907 | Sewer    | XOM: swap monsters
  3913 | Sewer    | XOM: mild Erth miscast
  3915 | Sewer    | Slain by a soldier ant

Vault maps used:
D:1:      dpeg_arrival_concentric_ovals, serial_bayou_pond_c,
          minmay_misc_feat_tiny
D:2:      nicolae_overflow_crystal_walls, nicolae_ru_awakened_eye,
          fedhas_altar_2, overflow_temple_1_default, old_standard_altar
D:4:      makhleb_heckhound_becter, temple_doors_e, first_ration,
          portal_sewer_entry_d, serial_bayou_crossing
Sewer:    sewer_big_baddie

Skill      XL: |  1  2  3  4  5  6 |
---------------+-------------------+-----
Axes           | 4 6 |  6.8
Fighting       | 5 |  5.7
Dodging        | |  2.5

Action                   |  1- 3 |  4- 6 |  7- 9 || total
-------------------------+-------+-------+-------++-------
Melee: Hand axe          |    63 |   217 |    25 ||   305
       Kick              |       |     3 |     2 ||     5
       Headbutt          |       |       |     1 ||     1
  Use: Scroll            |       |     8 |     1 ||     9
       Potion            |       |       |     6 ||     6
 Stab: Petrified         |       |     6 |       ||     6
       Confused          |       |     4 |       ||     4
       Petrifying        |       |     1 |       ||     1
       Sleeping          |       |     1 |       ||     1
       Paralysed         |       |     1 |       ||     1
  Eat: Chunk             |       |     9 |     1 ||    10
Armor: Robe              |    27 |    63 |     8 ||    98
       Skin              |       |       |     6 ||     6
Dodge: Dodged            |    53 |   108 |    22 ||   183

Table legend:
 A = Spawn XP
 B = Non-spawn XP
 C = Spawn XP percentage of total XP
 D = Spawn monster count
 E = Non-spawn monster count
 F = Spawn count percentage of total count
 G = Total turns spent on level
                    A         B        C        D         E        F      G
               +---------+---------+-------+---------+---------+-------+---------
         Total |       0 |     633 |   0.0 |       0 |      85 |   0.0 |  3915
               +---------+---------+-------+---------+---------+-------+---------
           D:1 |       0 |      50 |   0.0 |       0 |      21 |   0.0 |  1053
           D:2 |       0 |     126 |   0.0 |       0 |      27 |   0.0 |  1163
           D:3 |       0 |     156 |   0.0 |       0 |      18 |   0.0 |   971
           D:4 |       0 |     293 |   0.0 |       0 |      14 |   0.0 |   466
         Sewer |       0 |       8 |   0.0 |       0 |       5 |   0.0 |   262
               +---------+---------+-------+---------+---------+-------+---------
